 Dungeon Crawl Stone Soup version 0.28.0-1-gb440e238dd (webtiles) character file.

Game seed: 13705853250859183347

43 Snicker the Sneak (level 3, -3/29 HPs)
             Began as a Demonspawn Delver on Feb 22, 2022.
             Slain by a yak (11 damage)
             ... on level 4 of the Dungeon.
             The game lasted 00:01:04 (280 turns).

Snicker the Sneak (Demonspawn Delver)                Turns: 280, Time: 00:01:04

Health: -3/29      AC:  3    Str: 12    XL:     3   Next: 37%
Magic:  3/3        EV: 12    Int: 11    God:
Gold:   0          SH:  0    Dex: 16    Spells: 2/2 levels left

rFire   . . .      SeeInvis .   a - +0 short sword
rCold   . . .      Faith    .   (no shield)
rNeg    . . .      Spirit   .   b - +0 leather armour
rPois   .          Reflect  .   (no helmet)
rElec   .          Harm     .   (no cloak)
rCorr   .          Rampage  .   (no gloves)
Will    .....                   (no boots)
Stlth   +++.......              (no amulet)
HPRegen 0.09/turn               (no ring)
MPRegen 0.08/turn               (no ring)

@: no status effects
A: weakness stinger 1
a: no special abilities


You were on level 4 of the Dungeon.
You visited 1 branch of the dungeon, and saw 3 of its levels.

Inventory:

Hand Weapons
 a - a +0 short sword (weapon)
Armour
 b - a +0 leather armour (worn)
Wands
 g - a wand of digging (2)
Scrolls
 c - a scroll of fog
 d - a scroll of magic mapping
Potions
 f - a potion of haste


   Skills:
 + Level 3.1 Fighting
 * Level 2.1 Short Blades
 + Level 0.1 Armour
 + Level 1.8 Dodging
 * Level 5.3 Stealth


You had 2 spell levels left.
You didn't know any spells.
Your spell library was empty.

Dungeon Overview and Level Annotations

Branches:
Dungeon (6/15)
 Temple: D:4-7

Altars:

Annotations:
D:5 exclusion: downstairs


Innate Abilities, Weirdness & Mutations

You have a small tail.


Message History

The gnoll is severely wounded.
The gnoll completely misses you.
You hit the gnoll.
The gnoll is almost dead.
The gnoll hits you with a +0 club.
* * * LOW HITPOINT WARNING * * *
You closely miss the gnoll.
The gnoll is almost dead.
The gnoll closely misses you.
You barely miss the gnoll.
The gnoll is almost dead.
The gnoll closely misses you.
You barely miss the gnoll.
The gnoll is almost dead.
The gnoll closely misses you.
You hit the gnoll but do no damage.
The gnoll is almost dead.
The gnoll hits you with a +0 club.
* * * LOW HITPOINT WARNING * * *
You completely miss the gnoll.
The gnoll is almost dead.
The gnoll closely misses you.
You hit the gnoll.
You kill the gnoll!
As you read the scroll of fear, it crumbles to dust.
You assume a fearsome visage.
The gnoll looks frightened! x3
The endoplasm looks frightened!
A yak comes into view. 2 yaks come into view.
The yak bellows! x2
An ogre comes into view. It is wielding a +0 giant spiked club.
The ogre shouts!
Aiming: Dig
Press: ? - help, Shift-Dir - straight line A rock wall.
The rock shatters into small pieces.
A phantom comes into view.
The endoplasm jiggles.
The yak gores you!
You die...

##.###Y## #...###.##
#.##.# ##.## #.. #Y#
##.###### ## #.#
#Y......# #.##Y#
##.O.....#
###.##.###Y.......#
..........J.Y......#
####.##.####@......#
#.##.# #.#######
#.##.# #.# #.##.#
#.# #.##.####.#
#J....)...#
##.g#.###### #>..#.#
#..##.#


You could see 3 yaks, an ogre and an endoplasm.

Vanquished Creatures
  A hound (D:5)
  A gnoll (D:4)
  A hobgoblin (D:4)
3 creatures vanquished.

Notes
Turn   | Place    | Note
-------+----------+-------------------------------------------
     0 | D:5      | Snicker the Demonspawn Delver began the quest for the Orb.
     0 | D:5      | Reached XP level 1. HP: 18/18 MP: 1/1
    17 | D:6      | Noticed a centaur
    42 | D:5      | Noticed a hound
    54 | D:5      | Killed a hound
    55 | D:5      | Reached skill level 5 in Stealth
    55 | D:5      | Gained mutation: You have a small tail. [demonic ancestry]
    55 | D:5      | Reached XP level 2. HP: 12/24 MP: 2/2
    55 | D:5      | Reached XP level 3. HP: 15/29 MP: 3/3
   107 | D:5      | Noticed a scorpion
   254 | D:4      | Noticed a yak
   255 | D:4      | Noticed a yak
   255 | D:4      | Noticed a yak
   265 | D:4      | Noticed an ogre
   272 | D:4      | Noticed a phantom
   280 | D:4      | Slain by a yak

Illustrated notes

Levels and vault maps discovered:
D:4:      layout_rooms, trog_butcher_becter, dancing_weapons_uskayaw,
          minmay_temple_entry_antechambers, serial_shops, shop
D:5:      layout_layer_cave
D:6:      layout_loops_corners, okawaru_trees_1, uniq_menkaure

Skill      XL: |  1 |
---------------+----+-----
Short Blades   | 2 |  2.1
Stealth        | 5 |  5.3
Fighting       | |  3.1
Armour         | |  0.1
Dodging        | |  1.8

Action                   || total
-------------------------++-------
Melee: Short sword       ||    21
Evoke: Wand              ||     1
  Use: Scroll            ||     1
 Stab: Sleeping          ||     1
Armor: Leather armour    ||     2
Dodge: Dodged            ||    17
